 Dungeon Sprint DCSS version 0.17-a0-1184-gb75be8f (webtiles) character file.

368 Kidiri the Protected (level 6, 0/44 HPs)
             Began as a Gargoyle Fighter on June 1, 2015.
             Slain by a human
             ... wielding a +0 spear
              (14 damage)
             ... in the Dungeon (Sprint III: "The Ten Rune Challenge").
             The game lasted 00:05:09 (676 turns).

Kidiri the Protected (Gargoyle Fighter)              Turns: 676, Time: 00:05:09

Health: 0/44       AC: 11    Str: 22    XL:     6   Next: 69%
Magic:  6/6        EV:  9    Int:  8    God:
Gold:   24         SH: 11    Dex:  9    Spells: 0 memorised, 5 levels left

rFire  . . .     SeeInvis .     a - +0 flail
rCold  . . .     Clarity  +     l - +0 ring mail (curse)
rNeg   + . .     SustAt   .     c - +0 shield
rPois  ∞         Gourm    .     (no helmet)
rElec  +         Spirit   .     (no cloak)
rCorr  .         Warding  .     (no gloves)
rMut   .         NoTele   +     (no boots)
MR     .....                    (no amulet)
Stlth  ..........               (no ring)
                                (no ring)

@: not resistant to hostile enchantments, extremely unstealthy
A: clarity, negative energy resistance 1, sense surroundings 1, electricity
resistance, spit poison 1, unbreathing, petrification resistance, rot immunity,
AC +4
a: Spit Poison


You were in the Dungeon.
You were not hungry.

You visited 1 branch You collected 24 gold pieces.

Inventory:

Hand weapons
 a - a +0 flail (weapon)
Armour
 b - a +0 scale mail
 c - a +0 shield (worn)
 l - a cursed +0 ring mail (worn)
Scrolls
 k - a scroll of blinking
 m - 3 scrolls of identify {unknown}
 n - a scroll of immolation {unknown}
 o - 4 scrolls of remove curse
 s - a scroll of holy word {unknown}
Potions
 f - a potion of curing
 h - a potion of haste
 i - 2 potions of magic
 q - 2 potions of cure mutation
 r - 4 potions of flight
Comestibles
 e - a bread ration
 p - 3 fruits
 t - a meat ration


   Skills:
 * Level 8.2 Fighting
 * Level 7.1 Maces & Flails
 * Level 8.3 Armour
 * Level 8.3 Shields


You had 5 spell levels left.
You didn't know any spells.

Dungeon Overview and Level Annotations

Branches:
Dungeon (1/1)

Altars:
Cheibriados
Fedhas
Okawaru
Trog
Yredelemnul


Innate Abilities, Weirdness & Mutations

You are resistant to torment.
Your stone body is resilient (AC +4).
You are immune to poison.
You resist negative energy.
You are resistant to electric shocks.
You can survive without breathing.
You are immune to petrification.
You are immune to rotting.
You possess an exceptional clarity of mind.
You passively map a small area around you.
You can spit weak poison.


Message History

The human hits you with a spear! x2
You hit the human.
The human is moderately wounded.
You block the human's attack.
You closely miss the human.
The human is moderately wounded.
The human barely misses you. x2
You closely miss the human.
The human is moderately wounded.
The human closely misses you. The human hits you with a spear.
You hit the human.
The human is moderately wounded.
You block the human's attack.
You miss the human.
The human is moderately wounded.
The human barely misses you. x2
You closely miss the human.
The human is moderately wounded.
The human hits you with a spear!
You die...

▓▓▓▓▓▓ ▓▓▓ * ...♣.♣ ♣.#
########* * * ....♣ ♣.#
#__[#__#*,* , ....♣♣
♣♣.# #.. #._#,, , ....≈♣
♣..###+#p###)## ...≈≈♣♣
♣♣.#....@.....#, ,,
..≈≈≈≈♣♣.♣.'.⌠........#
..≈≈≈≈≈≈♣♣.#...######+#,
* .≈≈≈≈≈≈....#.⌠.# , *
.≈≈≈≈≈.....#...# * , , *
.≈≈≈.......#+### * ,, *
* ...........#, * * + ,*
...........#_ _ ,
▓▓▓▓▓▓▓▓▓▓▓▓ * *


You could see a human (berserk).

Vanquished Creatures
  A necrophage (D)
  A water elemental (D)
  Jessica (D)
  A necromancer (D)
  2 humans (D)
  2 oozes (D)
  A phantom (D)
  A rat (D)
10 creatures vanquished.

Vanquished Creatures (others)
  2 draconian scorchers (D)
  2 yaktaurs (D)
4 creatures vanquished.

Grand Total: 14 creatures vanquished

Notes
Turn   | Place    | Note
--------------------------------------------------------------
     0 | D        | Kidiri the Gargoyle Fighter began the quest for the Orb.
     0 | D        | Reached XP level 1. HP: 14/14 MP: 1/1
    24 | D        | Reached skill level 4 in Fighting
    24 | D        | Reached XP level 2. HP: 17/20 MP: 2/2
    60 | D        | Noticed Jessica
    73 | D        | Killed a yaktaur
    74 | D        | Killed Jessica
    74 | D        | Reached XP level 3. HP: 12/25 MP: 3/3
   261 | D        | Killed a yaktaur
   291 | D        | Reached skill level 5 in Fighting
   291 | D        | Reached skill level 5 in Armour
   291 | D        | Reached skill level 5 in Shields
   312 | D        | Killed a white draconian scorcher
   318 | D        | Reached XP level 4. HP: 9/31 MP: 4/4
   323 | D        | Gained mutation: You are frail (-10% HP). [potion of mutation]
   323 | D        | Gained mutation: Your spells are a little harder to cast, but a little more powerful. [potion of mutation]
   323 | D        | Gained mutation: Your magical capacity is low (-10% MP). [potion of mutation]
   324 | D        | Lost mutation: You are frail (-10% HP). [potion of cure mutation]
   324 | D        | Lost mutation: Your magical capacity is low (-10% MP). [potion of cure mutation]
   324 | D        | Lost mutation: Your spells are a little harder to cast, but a little more powerful. [potion of cure mutation]
   325 | D        | Gained mutation: You possess an exceptional clarity of mind. [potion of mutation]
   325 | D        | Gained mutation: You can spit weak poison. [potion of mutation]
   325 | D        | Gained mutation: You passively map a small area around you. [potion of mutation]
   557 | D        | Noticed a water elemental
   561 | D        | Killed a water elemental
   561 | D        | Reached skill level 6 in Fighting
   561 | D        | Reached skill level 5 in Maces & Flails
   561 | D        | Reached XP level 5. HP: 36/36 MP: 5/5
   635 | D        | Found a basalt altar of Yredelemnul.
   635 | D        | Found a snail-covered altar of Cheibriados.
   635 | D        | Found a blossoming altar of Fedhas.
   635 | D        | Noticed a necrophage
   635 | D        | Noticed a necromancer
   641 | D        | Killed a necromancer
   645 | D        | Killed a necrophage
   645 | D        | Reached skill level 7 in Fighting
   655 | D        | Found an iron altar of Okawaru.
   655 | D        | Found a bloodstained altar of Trog.
   655 | D        | Noticed a human
   657 | D        | Noticed a human
   658 | D        | Killed a white draconian scorcher
   667 | D        | Killed a human
   667 | D        | Reached skill level 8 in Fighting
   667 | D        | Reached XP level 6. HP: 34/44 MP: 6/6
   676 | D        | Slain by a human

Vault maps used:
D:        dungeon_sprint_mu

Action                   |  1- 3 |  4- 6 || total
-------------------------+-------+-------++-------
Melee: Flail             |    60 |    33 ||    93
  Use: Potion            |     1 |     5 ||     6
